 Dungeon Crawl Stone Soup version 0.29.1-1-gd02db6906a (webtiles) character file.

Game seed: 4108544021899175223

37390 groovy9 the Destroyer (level 13, -6/72 HPs)
             Began as a Deep Elf Conjurer on Sept 19, 2022.
             Was a High Priest of Vehumet.
             Mangled by a komodo dragon (21 damage)
             ... on level 4 of the Lair of Beasts on Sept 20, 2022.
             The game lasted 01:49:39 (23253 turns).

groovy9 the Destroyer (Deep Elf Conjurer)          Turns: 23253, Time: 01:49:40

Health: -6/72      AC: 17    Str: 11    XL:     13   Next: 58%
Magic:  11/30      EV: 12    Int: 29    God:    Vehumet [*****.]
Gold:   1417       SH:  0    Dex: 13    Spells: 11/35 levels left

rFire   . . .      SeeInvis +   a - +8 flail of Debt {drain, rPois Str+7 SInv}
rCold   + . .      Faith    .   (no shield)
rNeg    . . .      Spirit   .   C - +5 steam dragon scales
rPois   +          Reflect  .   T - +2 helmet {SInv}
rElec   .          Harm     .   n - scarf {+Inv}
rCorr   .          Rampage  .   I - +0 pair of gloves
Will    +....                   P - +2 pair of boots
Stlth   +++.......              (no amulet)
HPRegen 0.22/turn               r - ring of wizardry
MPRegen 0.22/turn               j - ring of protection from cold

@: no status effects
A: no striking features
a: Renounce Religion, Evoke Invisibility


You were on level 4 of the Lair of Beasts.
You worshipped Vehumet.
Vehumet was extremely pleased with you.
You visited 3 branches of the dungeon, and saw 17 of its levels.

You collected 1417 gold pieces.

Inventory:

Hand Weapons
 a - the +8 flail of Debt (weapon) {drain, rPois Str+7 SInv}
   (You found it on level 3 of the Lair of Beasts)

   A truly terrible weapon, it drains the life of any living foe it strikes.
   Str:       It affects your strength (+7).
   rPois:     It protects you from poison.
   SInv:      It lets you see invisible.
 c - a +2 dagger of flaming
Missiles
 w - 20 poisoned darts
Armour
 n - a scarf of invisibility (worn)
 C - +5 steam dragon scales (worn)
 I - a +0 pair of gloves (worn)
 P - a +2 pair of boots (worn)
 T - a +2 helmet of see invisible (worn)
Magical Staves
 h - a staff of poison
 N - a staff of poison
Jewellery
 j - a ring of protection from cold (right hand)
 l - a ring of fire
 m - a ring of wizardry
 o - a ring of willpower
 r - a ring of wizardry (left hand)
 s - a ring of resist corrosion
 x - a +4 ring of protection
 z - a +6 ring of strength
 S - a ring of flight
Wands
 k - a wand of flame (11)
 F - a wand of paralysis (4)
 G - a wand of roots (3)
 O - a wand of quicksilver (4)
Scrolls
 d - 4 scrolls of vulnerability
 f - 3 scrolls of enchant weapon
 q - 2 scrolls of amnesia
 B - 3 scrolls of magic mapping
 H - a scroll of fear
 Q - a scroll of silence {unknown}
 R - a scroll of blinking
Potions
 e - 2 potions of resistance
 g - 7 potions of flight
 i - 3 potions of might
 p - 8 potions of curing
 u - 8 potions of mutation
 v - 4 potions of brilliance
 A - 2 potions of cancellation
 D - a potion of haste {unknown}
 E - a potion of berserk rage
 K - a potion of attraction {unknown}
 M - 5 potions of ambrosia
Miscellaneous
 b - a phial of floods


   Skills:
 + Level 5.0 Fighting
 - Level 2.4 Dodging
 - Level 5.3 Stealth
 + Level 11.7 Spellcasting
 + Level 11.7 Conjurations
 + Level 11.0 Hexes
 - Level 8.3 Translocations
 - Level 10.0 Ice Magic
 - Level 5.3 Air Magic
 - Level 5.0 Earth Magic
 - Level 10.0 Evocations


You had 11 spell levels left.
You knew the following spells:

 Your Spells              Type           Power      Damage    Failure   Level
a - Magic Dart            Conj           100%       1d8       1%          1
b - Searing Ray           Conj           100%       2d8       1%          2
c - Iskenderun's Mystic   Conj/Tloc      66%        2d14      1%          4
d - Swiftness             Air            47%        N/A       1%          3
e - Fulminant Prism       Conj/Hex       35%        3d18      1%          4
f - Dazzling Flash        Conj/Hex       100%       N/A       1%          3
g - Stone Arrow           Conj/Erth      100%       3d13      1%          3
h - Hailstorm             Conj/Ice       69%        3d14      1%          4

Your spell library contained the following spells:

 Spells                   Type           Power      Damage    Failure   Level
 Eringya's Noxious Bog    Tmut/Pois      8%         N/A       41%         6
 Ensorcelled Hibernation  Hex/Ice        100%       N/A       1%          2
 Passwall                 Tmut/Erth      25%        N/A       1%          2
 Ozocubu's Armour         Ice            66%        N/A       1%          3
 Anguish                  Hex/Necr       24%        N/A       1%          4
 Metabolic Englaciation   Hex/Ice        33%        N/A       1%          5
 Spider Form              Tmut/Pois      17%        N/A       4%          3
 Animate Armour           Summ/Erth      62%        N/A       4%          4
 Simulacrum               Ice/Necr       23%        N/A       24%         6
 Lehudib's Crystal Spear  Conj/Erth      30%        10d8      50%         8


Dungeon Overview and Level Annotations

Branches:
Dungeon (11/15)            Temple (1/1) D:4            Lair (5/5) D:10
  Swamp (0/4) Lair:2       Spider (0/4) Lair:2        Slime (0/5) Lair:4
    Orc: D:9-12

Altars:
Ashenzari
Cheibriados
Dithmenos
Elyvilon
Fedhas
Gozag
Hepliaklqana
Kikubaaqudgha
Makhleb
Okawaru
Qazlal
Ru
Sif Muna
Trog
Uskayaw
Vehumet
Wu Jian
Xom
Yredelemnul
Zin
The Shining One
Jiyva

Shops:
D:6 ?!

Annotations:
D:11 Gastronok, Snorg
Lair:2 exclusion: oklob plant


Message History

Confirm with . or Enter, or press ? or * to list all spells.
Aiming: Stone Arrow (safe; 1% risk of failure)
Press: ? - help, Shift-Dir - straight line, f - komodo dragon
Aim: a komodo dragon (84% to hit)
The stone arrow misses the komodo dragon.
The komodo dragon bites you but does no damage.
You are too injured to fight recklessly!
You are too injured to fight recklessly!
Casting: Stone Arrow (safe; 1% risk of failure)
Confirm with . or Enter, or press ? or * to list all spells.
Aiming: Stone Arrow (safe; 1% risk of failure)
Press: ? - help, Shift-Dir - straight line, f/p - komodo dragon
Aim: a komodo dragon (84% to hit)
The stone arrow misses the komodo dragon.
The komodo dragon bites you!!
Casting: Stone Arrow (safe; 1% risk of failure)
Confirm with . or Enter, or press ? or * to list all spells.
Aiming: Stone Arrow (safe; 1% risk of failure)
Press: ? - help, Shift-Dir - straight line, f/p - komodo dragon
Aim: a komodo dragon (84% to hit)
The stone arrow misses the komodo dragon.
The komodo dragon closely misses you.
Casting: Stone Arrow (safe; 1% risk of failure)
Confirm with . or Enter, or press ? or * to list all spells.
Aiming: Stone Arrow (safe; 1% risk of failure)
Press: ? - help, Shift-Dir - straight line, f/p - komodo dragon
Aim: a komodo dragon (84% to hit)
The stone arrow hits the komodo dragon!
The komodo dragon is moderately wounded.
The komodo dragon bites you!
* * * LOW HITPOINT WARNING * * *
Okay, then.
Unknown command.
Casting: Stone Arrow (safe; 1% risk of failure)
Confirm with . or Enter, or press ? or * to list all spells.
You erupt in a blast of force!
The mystic blast hits the komodo dragon!
The komodo dragon is heavily wounded.
The komodo dragon bites you!!
You die...

.......⌠.....⌠..>..⌠.....⌠.....##
......+.......................###
......###...##.....#....##.....#
.......#....#.#######...#.....##
........##....### ##...##.....#
.......#.#....#.###...##......#
................⌠....##.......#
......##............##.......##
.#######....#.#.@l.#.#.......## #
.#####.........##.#..###......###
P#P.#................###.....##..
...........#........##.#...##.#..
..........###........#.....####..
..........# ####...........# ##.
..........# ##........### #.
.#........# ##.#.....## ##
.##.#....## #.###...##


You could see a komodo dragon.

Vanquished Creatures
  Rupert (Lair:4)
  Kirke (Lair:3)
  Josephine (D:11)
  2 hydras (Lair:2)
  A boulder beetle (Lair:2)
  A catoblepas (Lair:1)
  3 two-headed ogres
  Sonja (Lair:4)
  Pikel (D:8)
  An ugly thing (D:7)
  A necromancer (Lair:4)
  A cyclops (D:10)
  A black mamba (Lair:3)
  8 elephants (Lair:3)
  8 cane toads
  Maggie (D:6)
  An anaconda simulacrum (Lair:4)
  4 rime drakes
  5 komodo dragons
  A queen bee (D:10)
  A tyrant leech (Lair:2)
  A hornet (D:8)
  Prince Ribbit (D:6)
  A troll (D:9)
  2 polar bears
  15 blink frogs
  2 wyverns
  A vampire (D:10)
  9 wraiths
  A shadow (D:9)
  24 yaks
  A dire elephant simulacrum (Lair:4)
  6 basilisks
  2 steam dragons
  4 hogs (Lair:3)
  Eustachio (D:6)
  3 swamp worms (Lair:2)
  A hydra simulacrum (Lair:4)
  Duvessa (D:7)
  11 water moccasins
  A black bear (D:5)
  6 orc warriors
  A sky beast (D:7)
  17 wolves
  2 centaurs
  2 phantoms
  A kobold brigand (D:8)
  2 lemures (D:8)
  11 bullfrogs
  2 necrophages (D:7)
  A gnoll sergeant (D:7)
  3 scorpions
  8 wights
  Dowan (D:7)
  30 killer bees
  9 howler monkeys
  2 jellies
  A komodo dragon simulacrum (Lair:4)
  4 hounds
  5 orc priests
  A water moccasin simulacrum (Lair:4)
  Natasha (thrice) (D:2)
  6 iguanas
  11 orc wizards
  2 polar bear simulacra (Lair:4)
  4 yak simulacra (Lair:4)
  2 wolf simulacra (Lair:4)
  Robin (D:4)
  A gnoll (D:7)
  5 adders
  3 shadow imps
  14 white imps
  An ufetubus (D:6)
  A worm (D:2)
  4 dart slugs
  32 orcs
  5 ball pythons
  5 bats
  6 endoplasms
  6 giant cockroaches
  15 goblins
  12 hobgoblins
  2 jackals (D:1)
  7 quokkas
  3 frilled lizards
  12 kobolds
  5 rats
  3 river rat simulacra (Lair:4)
  A fulminant prism (Lair:2)
414 creatures vanquished.

Vanquished Creatures (others)
  A bush (Lair:3)
  20 fulminant prisms
  23 fungi
  27 plants
71 creatures vanquished.

Grand Total: 485 creatures vanquished

Notes
Turn   | Place    | Note
-------+----------+-------------------------------------------
     0 | D:1      | groovy9 the Deep Elf Conjurer began the quest for the Orb.
     0 | D:1      | Reached XP level 1. HP: 10/10 MP: 6/6
   192 | D:1      | Reached XP level 2. HP: 15/15 MP: 5/8
   798 | D:1      | Reached XP level 3. HP: 18/19 MP: 5/10
   799 | D:1      | Reached skill level 5 in Conjurations
  1479 | D:2      | Learned a level 2 spell: Searing Ray
  1868 | D:2      | Reached XP level 4. HP: 24/24 MP: 10/12
  1883 | D:2      | Found a faded altar of an unknown god.
  1913 | D:2      | Noticed Natasha
  1918 | D:2      | Killed Natasha
  1919 | D:2      | Reached skill level 5 in Spellcasting
  2033 | D:2      | Noticed Natasha
  2037 | D:2      | Killed Natasha
  2066 | D:2      | Noticed Natasha
  2070 | D:2      | Killed Natasha
  2071 | D:2      | Reached XP level 5. HP: 28/28 MP: 8/15
  3351 | D:3      | Learned a level 4 spell: Iskenderun's Mystic Blast
  3395 | D:4      | Found a staircase to the Ecumenical Temple.
  3408 | Temple   | Entered the Ecumenical Temple
  3537 | Temple   | Became a worshipper of Vehumet
  3676 | D:4      | Found a hazy altar of Hepliaklqana.
  4141 | D:4      | Noticed Robin
  4169 | D:4      | Killed Robin
  4483 | D:4      | Reached XP level 6. HP: 31/33 MP: 9/17
  4552 | D:4      | Found an ornate altar of the Wu Jian Council.
  4559 | D:4      | Found a bloodstained altar of Trog.
  4563 | D:4      | Reached skill level 1 in Translocations
  4646 | D:4      | Found an iron altar of Okawaru.
  4737 | D:5      | Entered Level 5 of the Dungeon
  4750 | D:5      | Reached skill level 1 in Fighting
  5097 | D:5      | Learned a level 3 spell: Swiftness
  5186 | D:5      | Reached skill level 1 in Air Magic
  5186 | D:5      | Reached XP level 7. HP: 39/39 MP: 6/19
  5965 | D:6      | Noticed Eustachio
  6492 | D:6      | Killed Eustachio
  6492 | D:6      | Reached * piety under Vehumet
  6492 | D:6      | Offered knowledge of Sandblast by Vehumet.
  6493 | D:6      | Reached XP level 8. HP: 45/45 MP: 12/21
  6560 | D:6      | Noticed Prince Ribbit
  6582 | D:6      | Killed Prince Ribbit
  6704 | D:6      | Found Nesoch's Distillery.
  6833 | D:6      | Found Okhloetis's Magic Scroll Emporium.
  6840 | D:6      | Noticed Maggie
  7108 | D:6      | Killed Maggie
  7109 | D:6      | Reached skill level 5 in Air Magic
  7654 | D:7      | Noticed Dowan
  7669 | D:7      | Killed Dowan
  7773 | D:7      | Noticed Duvessa
  7786 | D:7      | Killed Duvessa
  7787 | D:7      | Reached XP level 9. HP: 20/52 MP: 5/23
  8105 | D:7      | Noticed a purple ugly thing
  8244 | D:7      | Learned a level 4 spell: Fulminant Prism
  8544 | D:7      | Reached skill level 5 in Hexes
  8581 | D:7      | Reached ** piety under Vehumet
  8581 | D:7      | Offered knowledge of Poisonous Vapours by Vehumet.
  8619 | D:7      | Noticed a two-headed ogre
  8941 | D:7      | Killed a purple ugly thing
  9158 | D:7      | Killed a two-headed ogre
  9159 | D:7      | Reached skill level 10 in Hexes
  9159 | D:7      | Reached XP level 10. HP: 56/56 MP: 15/25
  9640 | D:8      | Learned a level 3 spell: Dazzling Flash
  9903 | D:8      | Noticed Pikel
  9912 | D:8      | Killed Pikel
  9913 | D:8      | Reached skill level 5 in Translocations
 10611 | D:8      | Found a hide-covered altar of Uskayaw.
 11260 | D:9      | Offered knowledge of Inner Flame by Vehumet.
 11435 | D:9      | Noticed a two-headed ogre
 11447 | D:9      | Killed a two-headed ogre
 11448 | D:9      | Reached skill level 1 in Evocations
 11786 | D:9      | Reached *** piety under Vehumet
 12134 | D:9      | Found a shimmering blue altar of Sif Muna.
 12192 | D:9      | Reached XP level 11. HP: 55/61 MP: 11/26
 12275 | D:9      | Learned a level 3 spell: Stone Arrow
 12522 | D:10     | Entered Level 10 of the Dungeon
 12617 | D:9      | Reached skill level 5 in Stealth
 12749 | D:10     | Reached skill level 10 in Conjurations
 13099 | D:10     | Offered knowledge of Hailstorm by Vehumet.
 13105 | D:10     | Learned a level 4 spell: Hailstorm
 13571 | D:10     | Reached skill level 5 in Evocations
 13871 | D:10     | Noticed a two-headed ogre
 13901 | D:10     | Killed a two-headed ogre
 14132 | D:10     | Reached skill level 1 in Ice Magic
 14310 | D:10     | Found a staircase to the Lair.
 14710 | Lair:1   | Entered Level 1 of the Lair of Beasts
 14737 | Lair:1   | Noticed a catoblepas
 15059 | Lair:1   | Reached **** piety under Vehumet
 15322 | Lair:1   | Offered knowledge of Fireball by Vehumet.
 15641 | Lair:1   | Killed a catoblepas
 16026 | Lair:1   | Reached XP level 12. HP: 66/66 MP: 15/27
 16194 | Lair:2   | Noticed a boulder beetle
 16423 | Lair:2   | Reached skill level 5 in Ice Magic
 16423 | Lair:2   | Reached skill level 10 in Evocations
 16780 | Lair:2   | Noticed a five-headed hydra
 16789 | Lair:2   | Killed a five-headed hydra
 17040 | Lair:2   | Noticed an eight-headed hydra
 17218 | Lair:2   | Killed a boulder beetle
 17553 | Lair:2   | Found a hole to the Spider Nest.
 17645 | Lair:2   | Found a staircase to the Swamp.
 17844 | Lair:2   | Killed an eight-headed hydra
 17845 | Lair:2   | Reached skill level 5 in Earth Magic
 18399 | Lair:2   | Found a blossoming altar of Fedhas.
 18652 | D:11     | Noticed Snorg
 19033 | D:11     | Noticed Gastronok
 19034 | D:11     | Noticed Josephine
 19052 | D:11     | Killed Josephine
 19777 | Lair:3   | Noticed Kirke
 19792 | Lair:3   | Killed Kirke
 19793 | Lair:3   | Reached skill level 10 in Spellcasting
 20107 | Lair:3   | Reached ***** piety under Vehumet
 20110 | Lair:3   | Offered knowledge of Ozocubu's Refrigeration by Vehumet.
 20155 | Lair:3   | Reached XP level 13. HP: 50/70 MP: 23/29
 20479 | Lair:3   | Reached skill level 10 in Ice Magic
 21379 | Lair:3   | Identified the +8 flail of Debt {drain, rPois Str+7 SInv}
 21740 | Lair:4   | Noticed Rupert
 21753 | Lair:4   | Killed Rupert
 21949 | Lair:4   | Found a transporter.
 21988 | Lair:4   | Noticed Sonja
 21994 | Lair:4   | Killed Sonja
 22145 | Lair:4   | Found a transporter.
 22175 | Lair:4   | Found a staircase to the Slime Pits.
 22175 | Lair:4   | Found a viscous altar of Jiyva.
 22911 | Lair:4   | Offered knowledge of Eringya's Noxious Bog by Vehumet.
 22914 | Lair:4   | Reached skill level 5 in Fighting
 23062 | Lair:4   | Identified a scroll of acquirement
 23062 | Lair:4   | Acquired 514 gold pieces
 23146 | Lair:5   | Entered Level 5 of the Lair of Beasts
 23253 | Lair:4   | Mangled by a komodo dragon

Illustrated notes

Levels and vault maps discovered:
D:1:      ncdulo_lavacross, layout_basic, minmay_close_crescents
D:2:      layout_rooms, shapermc_ecumenical_altar_venn, uniq_natasha
D:3:      layout_basic, nrook_mini_backslash, minmay_misc_feat_nine_boxes
D:4:      layout_basic, mainiacjoe_overflow_surrounded_room,
          mainiacjoe_overflow_small_starburst, grunt_temple_overflow_open,
          minmay_temple_entry_stoned_glass, uniq_robin
D:5:      layout_basic
D:6:      layout_rooms, serial_shops, kennysheep_mini_moat, shop, serial_rivers,
          chequers_serial_rivers_small_a, chequers_serial_rivers_large_a,
          chequers_serial_rivers_room_b, chequers_serial_rivers_small_3,
          chequers_serial_rivers_room_a, chequers_serial_rivers_micro_b,
          uniq_prince_ribbit1, uniq_maggie, uniq_eustachio
D:7:      cheibrodos_fzero, layout_basic, uniq_duvessa
D:8:      layout_layer_cave, lemuel_coloured_pillars_altar,
          minmay_misc_feat_five, minmay_unpleasant_kobolds, uniq_pikel
D:9:      layout_stronghold, lemuel_blue_sif_altar
D:10:     layout_rooms, erik_lair_dragon, special_room [special_room_bee]
D:11:     layout_stronghold, orc_0_dummy, uniq_gastronok, uniq_snorg,
          uniq_josephine
Temple:   eino_temple_scatter_basement
Lair:1:   layout_cave_pods, nicolae_volcano_entry_s_turn
Lair:2:   layout_gridlike, minmay_swamp_entry_worms,
          spider_nest_entry_web_field, nicolae_quartered_pool_medium,
          st_stairs_10, tgw_fedhas
Lair:3:   statuecave_lemuel, layout_regular_city, portal_ice_cave_entry_imps,
          minmay_hedge_maze, beast_lair_carwin_1, grunt_megastairs_3, uniq_kirke
Lair:4:   gammafunk_cloud_chamber, layout_cave_shapes, slime_entry_1,
          eino_house_with_fridge, grunt_megastairs_5,
          infiniplex_staircase_pool_2, uniq_rupert, uniq_sonja
Lair:5:   minmay_lair_end_frog_pond, layout_gridlike, serial_bayou_shore_b

Skill      XL: |  1  2  3  4  5  6  7  8  9 10 11 12 13 |
---------------+----------------------------------------+-----
Spellcasting   | 4 5 6 7 8 9 10 11 | 11.7
Conjurations   | 5 6 7 8 9 10 11 | 11.7
Translocations | 1 2 7 8 |  8.3
Fighting       | 1 2 3 4 5 |  5.0
Air Magic      | 1 3 5 |  5.3
Hexes          | 10 11 | 11.0
Stealth        | 4 5 |  5.3
Evocations     | 2 9 10 | 10.0
Ice Magic      | 4 9 10 | 10.0
Earth Magic    | 5 |  5.0
Dodging        | |  2.4

Action                   |  1- 3 |  4- 6 |  7- 9 | 10-12 | 13-15 || total
-------------------------+-------+-------+-------+-------+-------++-------
Melee: Dagger            |       |       |       |    11 |    21 ||    32
       Punch             |       |       |       |     1 |       ||     1
       Flail             |       |       |       |       |     3 ||     3
 Cast: Magic Dart        |    92 |   116 |    84 |   258 |    45 ||   595
       Searing Ray       |       |    11 |    68 |   125 |    29 ||   233
       Iskenderun's Myst |       |       |     8 |    79 |    17 ||   104
       Swiftness         |       |       |     1 |     2 |       ||     3
       Fulminant Prism   |       |       |       |    16 |     5 ||    21
       Stone Arrow       |       |       |       |    91 |    57 ||   148
       Hailstorm         |       |       |       |       |     3 ||     3
Evoke: Wand              |       |       |     1 |     2 |       ||     3
  Use: Scroll            |       |     9 |     7 |     3 |     9 ||    28
       Potion            |       |     4 |     3 |     6 |     5 ||    18
Armor: Robe              |       |     5 |    23 |       |       ||    28
       Steam dragon scal |       |       |    15 |    77 |    52 ||   144
       Skin              |       |       |       |       |    13 ||    13
Dodge: Dodged            |     7 |    13 |    45 |   114 |    55 ||   234
